 Dungeon Crawl Stone Soup version 0.30-b1-2-g02819fbbbe (webtiles) character file.

Game seed: 9887770927641139727

28 Alarkh the Vexing (level 2, 21/21 HPs)
             Began as a Demonspawn Hexslinger on May 23, 2023.
             Got out of the dungeon alive.
             The game lasted 00:00:52 (748 turns).

Alarkh the Vexing (Demonspawn Hexslinger)            Turns: 748, Time: 00:00:53

Health: 21/21      AC:  3    Str: 10    XL:     2   Next: 96%
Magic:  3/3        EV: 12    Int: 14    God:
Gold:   89         SH:  0    Dex: 13    Spells: 2/3 levels left

rFire   . . .        a - +1 sling
rCold   . . .        (no shield)
rNeg    . . .        c - +0 robe
rPois   .            (no helmet)
rElec   .            (no cloak)
rCorr   .            h - +0 pair of gloves
SInv    .            (no boots)
Will    .....        (no amulet)
Stlth   +            (no ring)
HPRegen 0.23/turn    (no ring)
MPRegen 0.08/turn

%: no passive effects
@: no status effects
A: spiny 1
a: no special abilities


You escaped.
You visited 1 branch of the dungeon, and saw 2 of its levels.

You collected 89 gold pieces.

Inventory:

Hand Weapons
 a - a +1 sling (weapon)
 b - a +0 short sword of draining
Missiles
 f - 2 throwing nets
Armour
 c - a +0 robe (worn)
 h - a +0 pair of gloves (worn)
Scrolls
 e - a scroll of immolation {unknown}
 g - a scroll of poison
 i - 2 scrolls of identify {unknown}
 j - a scroll of fear {unknown}
 k - a scroll of summoning {unknown}
Potions
 d - a potion of heal wounds {unknown}


   Skills:
 + Level 1.2 Fighting
 * Level 2.9 Ranged Weapons
 - Level 1.7 Dodging
 * Level 0.7 Unarmed Combat
 - Level 1.0 Spellcasting
 - Level 3.0 Hexes


You had 2 spell levels left.
You knew the following spells:

 Your Spells              Type           Power      Damage    Failure   Level
a - Slow                  Hex            36%        N/A       8%          1

Your spell library contained the following spells:

 Spells                   Type           Power      Damage    Failure   Level
 Inner Flame              Hex/Fire       4%         N/A       38%         3
 Portal Projectile        Hex/Tloc       8%         N/A       38%         3
 Cause Fear               Hex            4%         N/A       58%         4


Dungeon Overview and Level Annotations

Branches:
Dungeon (2/15)

Altars:


Innate Abilities, Weirdness & Mutations

You are partially covered in sharp spines.


Message History

You shoot a sling bullet.
The sling bullet barely misses the adder.
You shoot a sling bullet.
The sling bullet barely misses the adder.
You shoot a sling bullet. The sling bullet hits the adder.
The adder is moderately wounded.
The adder is struck by your spines. The adder bites you.
You shoot a sling bullet.
The sling bullet closely misses the adder.
The adder is struck by your spines. The adder closely misses you. x2
You shoot a sling bullet.
The sling bullet closely misses the adder.
The adder is struck by your spines.
You kill the adder!
No target in view!
You see here an adder corpse.
A giant cockroach comes into view.
A giant cockroach is nearby!
A giant cockroach is nearby!
You shoot a sling bullet.
The sling bullet hits the giant cockroach.
The giant cockroach is severely wounded.
You shoot a sling bullet.
The sling bullet closely misses the giant cockroach.
No target in view!
You shoot a sling bullet.
The sling bullet hits the giant cockroach.
You kill the giant cockroach!
No target in view!
No target in view!
You see here an adder corpse.
You see here a worm corpse.
Things that are here:
a +1 whip of holy wrath; a kobold corpse
There is a stone staircase leading up here.
You climb upwards.
There is a stone staircase leading down here.
There is a staircase leading out of the dungeon here.
Are you sure you want to leave the Dungeon?
This will make you lose the game!
You have escaped!

#.............................
#....####♣♣...♣..P###.........
#....###..P....♣..♣##.........
#....##P............#.....###.
#........♣♣.........P....####+
#....#..♣...P.P...P♣..........
#.........P.....P..P..........
##..................P.........
#......♣P...@...P.♣P.##......
#....................##......
#........P.....P.....##......
#....P.P...P.P...♣.♣.##......
#....................##......
###'##...♣....♣....####.####'
#.###P.......♣♣............
##'####......♣..######.####.
#......########## #.# ##


There were no monsters in sight!

Vanquished Creatures
  An adder (D:2)
  A worm (D:2)
  A dart slug (D:2)
  2 bats (D:1)
  An endoplasm (D:2)
  2 giant cockroaches
  2 goblins (D:1)
  A frilled lizard (D:1)
  2 kobolds
  A rat (D:1)
14 creatures vanquished.

Notes
Turn   | Place    | Note
-------+----------+-------------------------------------------
     0 | D:1      | Alarkh the Demonspawn Hexslinger began the quest for the
                  | Orb.
     0 | D:1      | Reached XP level 1. HP: 15/15 MP: 2/2
   588 | D:1      | Gained mutation: You are partially covered in sharp spines.
                  | [demonic ancestry]
   588 | D:1      | Reached XP level 2. HP: 21/21 MP: 3/3
   748 | D:$      | Got out of the dungeon alive.

Illustrated notes

Levels and vault maps discovered:
D:1:      wander_arrival_fairy_ring, layout_basic, minmay_misc_feat_plants,
          minmay_pentomino_z2
D:2:      layout_basic, uniq_sigmund

Skill      XL: |  1 |
---------------+----+-----
Ranged Weapons | 2 |  2.9
Fighting       | |  1.2
Dodging        | |  1.7
Unarmed Combat | |  0.7
Spellcasting   | |  1.0
Hexes          | |  3.0

Action                     || total
---------------------------++-------
  Melee: Short sword       ||     4
   Fire: Sling             ||    52
 Armour: Robe              ||     4
  Dodge: Dodged            ||    12
